 Dungeon Crawl Stone Soup version 0.29.1-15-g9cfb28693d (webtiles) character file.

Game seed: 1100308539570022826

1332 Farfigtubin the Cleaver (level 8, -8/68 HPs)
             Began as a Hill Orc Fighter on Feb 24, 2023.
             Was a Follower of Beogh.
             Mangled by a komodo dragon (23 damage)
             ... on level 6 of the Dungeon.
             The game lasted 00:24:16 (5809 turns).

Farfigtubin the Cleaver (Hill Orc Fighter)          Turns: 5809, Time: 00:24:17

Health: -8/68      AC: 12    Str: 21    XL:     8   Next: 61%
Magic:  8/8        EV:  7    Int:  8    God:    Beogh [*.....]
Gold:   347        SH:  5    Dex: 10    Spells: 7/7 levels left

rFire   + . .      SeeInvis +   a - +0 war axe
rCold   . . .      Faith    .   c - +0 buckler
rNeg    . . .      Spirit   .   l - +1 chain mail {rF+}
rPois   .          Reflect  .   w - +0 helmet
rElec   .          Harm     .   (no cloak)
rCorr   .          Rampage  .   (no gloves)
Will    .....                   (no boots)
Stlth   ..........              (no amulet)
HPRegen 0.21/turn               n - ring of see invisible
MPRegen 0.11/turn               (no ring)

@: no status effects
A: no striking features
a: Renounce Religion


You were on level 6 of the Dungeon.
You worshipped Beogh.
Beogh was aware of your devotion.
You visited 2 branches of the dungeon, and saw 7 of its levels.

You collected 347 gold pieces.

Inventory:

Hand Weapons
 a - a +0 war axe (weapon)
 x - a +1 spear of flaming
Missiles
 h - 2 silver javelins (quivered)
 p - 43 stones
 v - 3 poisoned darts
Armour
 c - a +0 buckler (worn)
 l - a +1 chain mail of fire resistance (worn)
 w - a +0 helmet (worn)
Jewellery
 n - a ring of see invisible (left hand)
 q - a ring of magical power
Wands
 k - a wand of digging (3)
Scrolls
 b - a scroll of noise {unknown}
 f - 5 scrolls of identify {unknown}
 j - 7 scrolls of teleportation {unknown}
 m - 2 scrolls of immolation {unknown}
 s - 2 scrolls of poison {unknown}
 t - a scroll of fog {unknown}
Potions
 d - 3 potions of might
 e - 2 potions of flight {unknown}
 g - a potion of mutation {unknown}
 i - 3 potions of curing {unknown}
 o - 5 potions of attraction {unknown}
 r - a potion of cancellation {unknown}
 u - 2 potions of heal wounds {unknown}
 z - a potion of lignification {unknown}


   Skills:
 - Level 5.0 Fighting
 * Level 9.1 Axes
 + Level 6.4 Armour
 + Level 6.4 Shields


You had 7 spell levels left.
You didn't know any spells.
Your spell library contained the following spells:

 Spells                   Type           Power      Damage    Failure   Level
 Necrotise                Necr           0%         1d4       99%         1
 Ensorcelled Hibernation  Hex/Ice        0%         N/A       100%        2
 Passwall                 Tmut/Erth      0%         N/A       100%        2
 Swiftness                Air            0%         N/A       100%        3
 Vampiric Draining        Necr           0%         2d6       100%        3
 Agony                    Necr           0%         N/A       100%        5


Dungeon Overview and Level Annotations

Branches:
Dungeon (6/15)             Temple (1/1) D:4

Altars:
Ashenzari
Cheibriados
Dithmenos
Elyvilon
Fedhas
Gozag
Hepliaklqana
Kikubaaqudgha
Makhleb
Nemelex Xobeh
Okawaru
Qazlal
Ru
Sif Muna
Trog
Uskayaw
Vehumet
Wu Jian
Xom
Yredelemnul
Zin
The Shining One


Message History

You slash the iguana!
The iguana is almost dead.
The iguana bites you but does no damage.
You barely miss the iguana.
The iguana is almost dead.
The iguana bites you.
You hit the iguana.
You kill the iguana!
Beogh accepts your kill.
You start resting.
HP restored.
f - 5 scrolls labelled XAYBEIFOESCH (gained 1)
You now have 336 gold pieces (gained 16).
You now have 347 gold pieces (gained 11).
A komodo dragon comes into view.
The komodo dragon hisses angrily.
Found 7 stones.
Throw: 4 javelins (silver)
Press: ? - help, Q - select action, (/) - cycle Shift-Dir - straight line, f - komodo dragon
Aim: a komodo dragon (65% to hit)
You throw a silver javelin.
The silver javelin barely misses the komodo dragon.
The komodo dragon bites you but does no damage.
The komodo dragon bites you!!
Throw: 3 javelins (silver)
Press: ? - help, Q - select action, (/) - cycle Shift-Dir - straight line, f/p - komodo dragon
Aim: a komodo dragon (65% to hit)
You throw a silver javelin.
The silver javelin pierces through the komodo dragon but does no damage.
The komodo dragon is lightly wounded.
The komodo dragon bites you!!
* * * LOW HITPOINT WARNING * * *
The komodo dragon bites you.
* * * LOW HITPOINT WARNING * * *
Okay, then.
Okay, then.
Okay, then.
The komodo dragon attacks as you move away!
The komodo dragon bites you!!
You die...

.# .### ####..(
....# #.######
#...# #......#
#(# ######.# #.#
###.###l#
#.....@.#
#.#.########
#>.........#
##########.#####
#.....#####
#####.....####
#####....#
####.# #..


You could see a komodo dragon.

Vanquished Creatures
  Sigmund (D:5)
  A water moccasin (D:4)
  An ice beast (D:5)
  A necrophage (D:4)
  4 scorpions
  2 jellies
  A hound (D:5)
  Terence (D:2)
  6 iguanas
  Ijyb (D:3)
  Natasha (thrice) (D:3)
  2 orc wizards
  Robin (D:4)
  7 gnolls
  7 adders
  A shadow imp (D:4)
  A white imp (D:3)
  2 ufetubi
  3 worms
  13 orcs
  3 bats
  7 endoplasms
  2 giant cockroaches
  17 goblins
  9 hobgoblins
  4 jackals (D:1)
  4 quokkas
  6 ball pythons
  A frilled lizard (D:1)
  2 kobolds
  7 rats
121 creatures vanquished.

Vanquished Creatures (others)
  An orc priest (D:4)
  An orc (D:4)
  A hobgoblin (D:4)
3 creatures vanquished.

Grand Total: 124 creatures vanquished

Notes
Turn   | Place    | Note
-------+----------+-------------------------------------------
     0 | D:1      | Farfigtubin the Hill Orc Fighter began the quest for the
                  | Orb.
     0 | D:1      | Reached XP level 1. HP: 19/19 MP: 1/1
   232 | D:1      | Reached XP level 2. HP: 27/27 MP: 2/2
   256 | D:2      | Reached skill level 3 in Axes
   258 | D:2      | Found a sparkling altar of Nemelex Xobeh.
   318 | D:2      | Noticed Terence
   326 | D:2      | Killed Terence
   327 | D:2      | Reached XP level 3. HP: 13/33 MP: 3/3
   549 | D:3      | Noticed Ijyb
   563 | D:3      | Killed Ijyb
   564 | D:3      | Reached XP level 4. HP: 27/41 MP: 4/4
   751 | D:3      | Noticed Natasha
   756 | D:3      | Killed Natasha
   757 | D:3      | Reached skill level 4 in Axes
   757 | D:3      | Reached XP level 5. HP: 46/47 MP: 5/5
  1143 | D:3      | Noticed Natasha
  1149 | D:3      | Killed Natasha
  1193 | D:3      | Noticed Natasha
  1200 | D:3      | Killed Natasha
  1655 | D:2      | Reached skill level 5 in Fighting
  1655 | D:2      | Reached XP level 6. HP: 40/56 MP: 6/6
  2074 | D:1      | Found a faded altar of an unknown god.
  2573 | D:4      | Noticed Robin
  2879 | D:4      | Killed Robin
  2880 | D:4      | Reached skill level 5 in Axes
  2902 | D:4      | Became a worshipper of Beogh the Brigand
  3137 | D:4      | Found a staircase to the Ecumenical Temple.
  3163 | Temple   | Entered the Ecumenical Temple
  3573 | D:4      | Reached skill level 5 in Shields
  3670 | D:4      | Noticed a water moccasin
  3684 | D:4      | Killed a water moccasin
  3685 | D:4      | Reached skill level 6 in Axes
  3685 | D:4      | Reached skill level 5 in Armour
  3685 | D:4      | Reached XP level 7. HP: 7/61 MP: 7/7
  4107 | D:4      | Found an iron altar of Okawaru.
  4388 | D:5      | Entered Level 5 of the Dungeon
  4388 | D:5      | Noticed Sigmund
  4436 | D:5      | Reached skill level 7 in Axes
  4761 | D:5      | Reached XP level 8. HP: 46/68 MP: 8/8
  5101 | D:5      | Found a white marble altar of Elyvilon.
  5239 | D:5      | Killed Sigmund
  5239 | D:5      | Reached * piety under Beogh
  5240 | D:5      | Reached skill level 8 in Axes
  5578 | D:6      | Reached skill level 9 in Axes
  5802 | D:6      | Noticed a komodo dragon
  5809 | D:6      | Mangled by a komodo dragon

Illustrated notes

Levels and vault maps discovered:
D:1:      scummos_arrival_checkerplants, layout_loops_cross,
          dreamdust_ecumenical_altar_angels_and_demons, item_on_display_a
D:2:      layout_loops_cross, basic_altar, uniq_terence
D:3:      layout_rooms, minivault_5, chequers_arboretum,
          chequers_serial_rivers_micro_e, uniq_natasha, uniq_ijyb
D:4:      layout_rooms, mainiacjoe_overflow_concentric_impassable,
          minmay_temple_entry_grid, uniq_robin
D:5:      cheibrodos_iron_armory, layout_rooms, kennysheep_mini, uniq_sigmund
D:6:      layout_basic, minmay_microvault
Temple:   nicolae_temple_slightly_damp_pantheon

Skill      XL: |  1  2  3  4  5  6  7  8 |
---------------+-------------------------+-----
Axes           | 3 4 6 7 9 |  9.1
Fighting       | 4 5 |  5.0
Armour         | 4 5 6 |  6.4
Shields        | 4 5 6 |  6.4

Action                   |  1- 3 |  4- 6 |  7- 9 || total
-------------------------+-------+-------+-------++-------
Melee: War axe           |    48 |   233 |   135 ||   416
Throw: Javelin           |     3 |     2 |     9 ||    14
Invok: Convert to Beogh  |       |     1 |       ||     1
Armor: Scale mail        |    26 |       |       ||    26
       Chain mail        |       |   150 |    66 ||   216
Dodge: Dodged            |    23 |    92 |    39 ||   154
Block: Buckler           |     5 |    56 |    23 ||    84
